Connexion

ANAHEIM Ducks vs ARIZONA Coyotes (R3)

Created - 11 janvier 2024 at 17:46

Goals
1 2 3 T
ANAHEIM Ducks 0 1 0 1
ARIZONA Coyotes 1 1 2 4
Shots
1 2 3 T
ANAHEIM Ducks 11 5 4 20
ARIZONA Coyotes 8 9 12 29

GoalsPenalties
1st period
1. ARIZONA Coyotes , Dillon Dube 7 (Dougie Hamilton 25, Madison Bowey 21) at 2:12
Victor Olofsson (ARI) for Roughing (Minor) at 4:05
Sean Durzi (ARI) for Roughing (Minor) at 4:20
Brayden Point (ARI) for Holding (Minor) at 8:24
Matt Boldy (ARI) for Goalie Interference (Minor) at 19:03
2nd period
2. ANAHEIM Ducks , David Savard 5 (Anthony Beauvillier 12, Ondrej Kase 18) at 5:45 (PP)
3. ARIZONA Coyotes , Victor Olofsson 18 (Madison Bowey 22, Nazem Kadri 36) at 6:28 (PP)
Timo Meier (ARI) for Boarding (Minor) at 5:33
Justin Holl (ANA) for Holding (Minor) at 6:24
Jordan Oesterle (ANA) for High sticking (Minor) at 9:14
Dakota Joshua (ANA) for Cross-checking (Minor) at 18:05
3rd period
4. ARIZONA Coyotes , Klim Kostin 9 (Carl Hagelin 10, Sean Durzi 17) at 4:50
5. ARIZONA Coyotes , Brayden Point 19 (Sean Durzi 18, Matt Boldy 19) at 16:46
Jordan Oesterle (ANA) for Tripping (Minor) at 1:35
Alexis Lafreniere (ANA) for Roughing (Minor) at 14:46
Goalie Stats
Robin Lehner (ANA), 25 saves from 29 shots - (0,862), L, 13-15-5, 60:00 minutes
Jaroslav Halak (ARI), 19 saves from 20 shots - (0,950), W, 6-7-2, 60:00 minutes
3 StarsOfficial
1 - Madison Bowey (ARI)
2 - Klim Kostin (ARI)
3 - Dillon Dube (ARI)
Referees : Kerry Fraser and Tom Kowal
Linesman : Mark Wheler and Thor Nelson
Game Note
No Game Note
Finance
Level 1 -- Attendance: 5225 (87,08%) -- Ticket Income $710,600
Level 2 -- Attendance: 3820 (92,61%) -- Ticket Income $397,280
Level 3 -- Attendance: 1198 (59,90%) -- Ticket Income $94,642
Level 4 -- Attendance: 2929 (73,23%) -- Ticket Income $117,160
Luxury Box -- Attendance: 924 (92,40%) -- Ticket Income $237,468
Game was played at the Jobing.com Arena.
Total Attendance: 14096 (82,31%)
Total Ticket Income: $1,557,150
Other Income: $311,430
Total Income: $1,868,580



Team Name Goals Shots Shots Attemp Shots Blocked PIM HIT PP PK FO%
ANAHEIM Ducks 12041910221 / 5 (20%)145%
ARIZONA Coyotes 42966210241 / 5 (20%)155%

ANAHEIM Ducks
Player Name POS G A P +/- PIM HIT SHT SB MP PP MP PP SHT PK MP PK SHT FO% FOT
Alexis LafreniereLW000-1213018:403:3310:000100% 1
Andrew MangiapaneLW000-1012015:582:5100:000100% 1
Anthony BeauvillierC/LW011-1003016:403:3320:00056% 16
Caleb JonesD0000001023:052:4913:5300% 0
Calvin ThurkaufC/LW000000106:430:0000:0000% 0
Dakota JoshuaC000020006:420:0000:00050% 6
Daniel SprongLW/RW000-1002215:550:0005:1700% 0
David SavardD1010072123:052:4923:5300% 0
Dylan DemeloD000-2000214:290:0000:0000% 0
Evan RodriguesC/LW/RW000-1003017:592:5110:00048% 23
Gustav ForslingD000-1011222:263:3514:0700% 0
Jake EvansC/RW000001109:180:0002:350100% 2
Jean-Gabriel PageauC000-1010016:030:0005:25019% 21
Jordan OesterleD000-2440014:270:0000:0000% 0
Justin HollD000-1230222:253:3504:0700% 0
Kiefer SherwoodC/LW/RW000-1020015:582:5100:00050% 2
Lars EllerC/LW000-1000013:130:0002:3500% 1
Ondrej KaseLW/RW011-1011018:493:3300:080100% 1
ARIZONA Coyotes
Player Name POS G A P +/- PIM HIT SHT SB MP PP MP PP SHT PK MP PK SHT FO% FOT
Braden SchneiderD0001010012:570:0000:0000% 0
Brayden PointC/RW1010201018:394:0700:21063% 19
Brock NelsonC0001002010:520:0000:00057% 7
Carl HagelinLW/RW011200205:590:0000:5010% 3
Dillon DubeC/LW/RW101200205:090:0000:000100% 1
Dougie HamiltonD0111012024:483:5402:4200% 0
Justin AbdelkaderC/LW0001030110:520:0000:0000% 0
Klim KostinC101201105:090:0000:00050% 4
Madison BoweyD0221040024:043:5402:4200% 0
Matt BoldyLW/RW0110221018:184:0710:0000% 0
Matthew TkachukLW/RW0000027023:334:0714:03050% 2
Nazem KadriC/LW/RW0110002023:553:5304:39055% 33
Sean DurziD0221223121:114:0622:3800% 0
Sonny MilanoLW/RW0001011011:240:3200:0000% 1
Timo MeierLW/RW0000220020:263:5301:1100% 0
Tucker PoolmanD0001030014:000:0001:0300% 0
Victor OlofssonLW/RW1010214017:323:2110:00075% 4
Vince DunnD0001011022:594:0613:4200% 0



Play-by-Play

1st period


0:01 of 1st period - Nazem Kadri wins face-off versus Evan Rodrigues in neutral zone.
1:22 of 1st period - Andrew Mangiapane is hit by Vince Dunn and loses puck.
1:31 of 1st period - Icing by Andrew Mangiapane.
1:32 of 1st period - Anthony Beauvillier wins face-off versus Brock Nelson in ANAHEIM Ducks zone.
1:32 of 1st period - Anthony Beauvillier is hit by Justin Abdelkader.
1:48 of 1st period - Shot by Sonny Milano.
1:48 of 1st period - Stopped by Robin Lehner without a rebound.
1:49 of 1st period - Klim Kostin wins face-off versus Jean-Gabriel Pageau in ANAHEIM Ducks zone.
2:10 of 1st period - Shot by Dillon Dube.
2:10 of 1st period - Stopped by Robin Lehner with a rebound.
2:12 of 1st period - Shot by Dillon Dube.
2:12 of 1st period - Goal by Dillon Dube - ANAHEIM Ducks : 0 - ARIZONA Coyotes : 1.
2:13 of 1st period - Dakota Joshua wins face-off versus Brock Nelson in neutral zone.
2:13 of 1st period - Jake Evans is hit by Sonny Milano and loses puck.
3:26 of 1st period - Shot by Nazem Kadri.
3:26 of 1st period - Shot Hit the Post.
3:28 of 1st period - Shot by Sean Durzi.
3:28 of 1st period - Stopped by Robin Lehner without a rebound.
3:29 of 1st period - Brayden Point wins face-off versus Jean-Gabriel Pageau in ANAHEIM Ducks zone.
4:05 of 1st period - Minor Penalty to Victor Olofsson for Roughing.
4:06 of 1st period - Nazem Kadri wins face-off versus Anthony Beauvillier in ARIZONA Coyotes zone.
4:19 of 1st period - Shot by Gustav Forsling.
4:19 of 1st period - Deflect By Alexis Lafreniere.
4:19 of 1st period - Stopped by Jaroslav Halak without a rebound.
4:20 of 1st period - Evan Rodrigues wins face-off versus Nazem Kadri in ARIZONA Coyotes zone.
4:20 of 1st period - Minor Penalty to Sean Durzi for Roughing.
4:21 of 1st period - Anthony Beauvillier wins face-off versus Nazem Kadri in ARIZONA Coyotes zone.
4:32 of 1st period - Shot by Alexis Lafreniere.
4:32 of 1st period - Shot Misses the Net.
4:59 of 1st period - Ondrej Kase is hit by Madison Bowey and loses puck.
5:04 of 1st period - Shot by Anthony Beauvillier.
5:04 of 1st period - Stopped by Jaroslav Halak without a rebound.
5:05 of 1st period - Nazem Kadri wins face-off versus Kiefer Sherwood in ARIZONA Coyotes zone.
5:05 of 1st period - Nazem Kadri is hit by Kiefer Sherwood.
5:31 of 1st period - Shot by Kiefer Sherwood.
5:31 of 1st period - Shot Misses the Net.
5:33 of 1st period - Shot by Kiefer Sherwood.
5:33 of 1st period - Shot Misses the Net.
5:35 of 1st period - Shot by Caleb Jones.
5:35 of 1st period - Shot Misses the Net.
5:37 of 1st period - Shot by David Savard.
5:37 of 1st period - Shot Misses the Net.
5:44 of 1st period - Shot by David Savard.
5:44 of 1st period - Stopped by Jaroslav Halak without a rebound.
5:45 of 1st period - Matthew Tkachuk wins face-off versus Anthony Beauvillier in ARIZONA Coyotes zone.
6:12 of 1st period - Shot by Gustav Forsling.
6:12 of 1st period - Stopped by Jaroslav Halak without a rebound.
6:13 of 1st period - Kiefer Sherwood wins face-off versus Nazem Kadri in ARIZONA Coyotes zone.
6:36 of 1st period - Off-side.
6:37 of 1st period - Anthony Beauvillier wins face-off versus Klim Kostin in neutral zone.
7:02 of 1st period - Shot by Anthony Beauvillier.
7:02 of 1st period - Stopped by Jaroslav Halak without a rebound.
7:03 of 1st period - Nazem Kadri wins face-off versus Evan Rodrigues in ARIZONA Coyotes zone.
7:20 of 1st period - Shot by Matthew Tkachuk.
7:20 of 1st period - Shot Misses the Net.
7:53 of 1st period - Icing by Sean Durzi.
7:54 of 1st period - Nazem Kadri wins face-off versus Anthony Beauvillier in ARIZONA Coyotes zone.
7:54 of 1st period - Nazem Kadri is hit by Andrew Mangiapane.
8:08 of 1st period - Brayden Point is hit by Kiefer Sherwood and loses puck.
8:24 of 1st period - Minor Penalty to Brayden Point for Holding.
8:25 of 1st period - Anthony Beauvillier wins face-off versus Nazem Kadri in ARIZONA Coyotes zone.
8:25 of 1st period - Anthony Beauvillier is hit by Dougie Hamilton.
8:34 of 1st period - Ondrej Kase is hit by Madison Bowey.
9:11 of 1st period - Icing by Kiefer Sherwood.
9:12 of 1st period - Evan Rodrigues wins face-off versus Nazem Kadri in ANAHEIM Ducks zone.
9:39 of 1st period - Shot by Evan Rodrigues.
9:39 of 1st period - Stopped by Jaroslav Halak without a rebound.
9:40 of 1st period - Anthony Beauvillier wins face-off versus Carl Hagelin in ARIZONA Coyotes zone.
9:43 of 1st period - Shot by Alexis Lafreniere.
9:43 of 1st period - Shot Misses the Net.
9:45 of 1st period - Shot by Anthony Beauvillier.
9:45 of 1st period - Stopped by Jaroslav Halak without a rebound.
9:46 of 1st period - Ondrej Kase wins face-off versus Carl Hagelin in ARIZONA Coyotes zone.
10:07 of 1st period - Shot by Carl Hagelin.
10:07 of 1st period - Stopped by Robin Lehner without a rebound.
10:08 of 1st period - Evan Rodrigues wins face-off versus Nazem Kadri in ANAHEIM Ducks zone.
10:25 of 1st period - Shot by Kiefer Sherwood.
10:25 of 1st period - Shot Misses the Net.
10:27 of 1st period - Shot by Daniel Sprong.
10:27 of 1st period - Stopped by Jaroslav Halak without a rebound.
10:28 of 1st period - Brayden Point wins face-off versus Jean-Gabriel Pageau in ARIZONA Coyotes zone.
11:04 of 1st period - Shot by Victor Olofsson.
11:04 of 1st period - Stopped by Robin Lehner without a rebound.
11:05 of 1st period - Nazem Kadri wins face-off versus Evan Rodrigues in ANAHEIM Ducks zone.
11:05 of 1st period - Nazem Kadri is hit by David Savard.
11:20 of 1st period - Off-side.
11:21 of 1st period - Brock Nelson wins face-off versus Anthony Beauvillier in neutral zone.
12:00 of 1st period - Shot by Sonny Milano.
12:00 of 1st period - Shot Misses the Net.
12:02 of 1st period - Shot by Sonny Milano.
12:02 of 1st period - Shot Misses the Net.
12:05 of 1st period - Sonny Milano is hit by Jordan Oesterle and loses puck.
12:16 of 1st period - Shot by Nazem Kadri.
12:16 of 1st period - Deflect By Matthew Tkachuk.
12:16 of 1st period - Shot Blocked by Dylan Demelo.
12:32 of 1st period - Shot by Matthew Tkachuk.
12:32 of 1st period - Stopped by Robin Lehner with a rebound.
13:19 of 1st period - Icing by Vince Dunn.
13:20 of 1st period - Jean-Gabriel Pageau wins face-off versus Brayden Point in ARIZONA Coyotes zone.
13:20 of 1st period - Jean-Gabriel Pageau is hit by Sean Durzi.
13:37 of 1st period - Shot by Daniel Sprong.
13:37 of 1st period - Stopped by Jaroslav Halak without a rebound.
13:38 of 1st period - Evan Rodrigues wins face-off versus Sonny Milano in ARIZONA Coyotes zone.
13:58 of 1st period - Gustav Forsling is hit by Justin Abdelkader and loses puck.
14:13 of 1st period - Gustav Forsling is hit by Justin Abdelkader and loses puck.
15:14 of 1st period - Shot by Daniel Sprong.
15:14 of 1st period - Shot Misses the Net.
15:35 of 1st period - Off-side.
15:36 of 1st period - Brayden Point wins face-off versus Dakota Joshua in neutral zone.
16:51 of 1st period - Shot by Andrew Mangiapane.
16:51 of 1st period - Shot Misses the Net.
16:53 of 1st period - Shot by Andrew Mangiapane.
16:53 of 1st period - Stopped by Jaroslav Halak without a rebound.
16:54 of 1st period - Evan Rodrigues wins face-off versus Brock Nelson in ARIZONA Coyotes zone.
17:07 of 1st period - Shot by Ondrej Kase.
17:07 of 1st period - Shot Misses the Net.
17:09 of 1st period - Shot by Ondrej Kase.
17:09 of 1st period - Shot Misses the Net.
17:21 of 1st period - Shot by Alexis Lafreniere.
17:21 of 1st period - Stopped by Jaroslav Halak without a rebound.
17:22 of 1st period - Jean-Gabriel Pageau wins face-off versus Nazem Kadri in ARIZONA Coyotes zone.
17:22 of 1st period - Jean-Gabriel Pageau is hit by Braden Schneider.
17:37 of 1st period - Daniel Sprong is hit by Tucker Poolman and loses puck.
18:07 of 1st period - Shot by Nazem Kadri.
18:07 of 1st period - Stopped by Robin Lehner without a rebound.
18:08 of 1st period - Victor Olofsson wins face-off versus Evan Rodrigues in ANAHEIM Ducks zone.
18:08 of 1st period - Victor Olofsson is hit by David Savard.
18:13 of 1st period - Victor Olofsson is hit by David Savard and loses puck.
18:25 of 1st period - Evan Rodrigues is hit by Madison Bowey.
18:35 of 1st period - Shot by Alexis Lafreniere.
18:35 of 1st period - Shot Misses the Net.
19:03 of 1st period - Minor Penalty to Matt Boldy for Goalie Interference.
19:04 of 1st period - Nazem Kadri wins face-off versus Evan Rodrigues in ARIZONA Coyotes zone.
Goals for this period are 0 for ANAHEIM Ducks vs 1 for ARIZONA Coyotes .
Shots for this period are 11 for ANAHEIM Ducks vs 8 for ARIZONA Coyotes .

2nd period


0:01 of 2nd period - Anthony Beauvillier wins face-off versus Nazem Kadri in neutral zone.
0:09 of 2nd period - David Savard is hit by Madison Bowey and loses puck.
0:37 of 2nd period - Shot by Caleb Jones.
0:37 of 2nd period - Stopped by Jaroslav Halak without a rebound.
0:38 of 2nd period - Evan Rodrigues wins face-off versus Brayden Point in ARIZONA Coyotes zone.
1:16 of 2nd period - Dakota Joshua is hit by Tucker Poolman and loses puck.
1:41 of 2nd period - Shot by Jake Evans.
1:41 of 2nd period - Stopped by Jaroslav Halak without a rebound.
1:42 of 2nd period - Brayden Point wins face-off versus Evan Rodrigues in ARIZONA Coyotes zone.
2:03 of 2nd period - Shot by Ondrej Kase.
2:03 of 2nd period - Stopped by Jaroslav Halak without a rebound.
2:04 of 2nd period - Nazem Kadri wins face-off versus Anthony Beauvillier in ARIZONA Coyotes zone.
2:36 of 2nd period - Shot by Matthew Tkachuk.
2:36 of 2nd period - Stopped by Robin Lehner with a rebound.
2:38 of 2nd period - Shot by Nazem Kadri.
2:38 of 2nd period - Shot Misses the Net.
2:46 of 2nd period - Shot by Matthew Tkachuk.
2:46 of 2nd period - Stopped by Robin Lehner without a rebound.
2:47 of 2nd period - Brayden Point wins face-off versus Evan Rodrigues in ANAHEIM Ducks zone.
2:53 of 2nd period - Alexis Lafreniere is hit by Sean Durzi.
3:55 of 2nd period - Off-side.
3:56 of 2nd period - Anthony Beauvillier wins face-off versus Nazem Kadri in neutral zone.
4:12 of 2nd period - Timo Meier is hit by Justin Holl and loses puck.
4:21 of 2nd period - Shot by Nazem Kadri.
4:21 of 2nd period - Shot Misses the Net.
4:23 of 2nd period - Shot by Dougie Hamilton.
4:23 of 2nd period - Stopped by Robin Lehner without a rebound.
4:24 of 2nd period - Dillon Dube wins face-off versus Lars Eller in ANAHEIM Ducks zone.
4:27 of 2nd period - Shot by Carl Hagelin.
4:27 of 2nd period - Shot Blocked by Dylan Demelo.
4:39 of 2nd period - Icing by Lars Eller.
4:40 of 2nd period - Nazem Kadri wins face-off versus Jean-Gabriel Pageau in ANAHEIM Ducks zone.
4:46 of 2nd period - Icing by Dylan Demelo.
4:47 of 2nd period - Nazem Kadri wins face-off versus Jean-Gabriel Pageau in ANAHEIM Ducks zone.
5:32 of 2nd period - Jordan Oesterle is hit by Matthew Tkachuk and loses puck.
5:33 of 2nd period - Minor Penalty to Timo Meier for Boarding.
5:34 of 2nd period - Alexis Lafreniere wins face-off versus Nazem Kadri in ARIZONA Coyotes zone.
5:37 of 2nd period - Shot by Anthony Beauvillier.
5:37 of 2nd period - Shot Misses the Net.
5:41 of 2nd period - Shot by Ondrej Kase.
5:41 of 2nd period - Shot Misses the Net.
5:43 of 2nd period - Shot by Anthony Beauvillier.
5:43 of 2nd period - Shot Misses the Net.
5:45 of 2nd period - Shot by David Savard.
5:45 of 2nd period - Goal by David Savard - ANAHEIM Ducks : 1 - ARIZONA Coyotes : 1.
5:46 of 2nd period - Dakota Joshua wins face-off versus Brayden Point in neutral zone.
6:24 of 2nd period - Minor Penalty to Justin Holl for Holding.
6:25 of 2nd period - Nazem Kadri wins face-off versus Jean-Gabriel Pageau in ANAHEIM Ducks zone.
6:26 of 2nd period - Shot by Madison Bowey.
6:26 of 2nd period - Shot Misses the Net.
6:28 of 2nd period - Shot by Victor Olofsson.
6:28 of 2nd period - Goal by Victor Olofsson - ANAHEIM Ducks : 1 - ARIZONA Coyotes : 2.
6:29 of 2nd period - Brock Nelson wins face-off versus Evan Rodrigues in neutral zone.
6:44 of 2nd period - Shot by Dougie Hamilton.
6:44 of 2nd period - Stopped by Robin Lehner without a rebound.
6:45 of 2nd period - Nazem Kadri wins face-off versus Anthony Beauvillier in ANAHEIM Ducks zone.
7:06 of 2nd period - Shot by Nazem Kadri.
7:06 of 2nd period - Stopped by Robin Lehner with a rebound.
8:28 of 2nd period - Ondrej Kase is hit by Matt Boldy.
9:14 of 2nd period - Minor Penalty to Jordan Oesterle for High sticking.
9:15 of 2nd period - Nazem Kadri wins face-off versus Jean-Gabriel Pageau in ANAHEIM Ducks zone.
9:16 of 2nd period - Shot by Vince Dunn.
9:16 of 2nd period - Shot Misses the Net.
9:18 of 2nd period - Shot by Sean Durzi.
9:18 of 2nd period - Shot Misses the Net.
9:30 of 2nd period - Shot by Sean Durzi.
9:30 of 2nd period - Shot Misses the Net.
9:32 of 2nd period - Shot by Sean Durzi.
9:32 of 2nd period - Stopped by Robin Lehner without a rebound.
9:33 of 2nd period - Jake Evans wins face-off versus Nazem Kadri in ANAHEIM Ducks zone.
13:58 of 2nd period - Matt Boldy is hit by Jean-Gabriel Pageau and loses puck.
14:33 of 2nd period - Shot by Victor Olofsson.
14:33 of 2nd period - Stopped by Robin Lehner with a rebound.
14:40 of 2nd period - Icing by Braden Schneider.
14:41 of 2nd period - Victor Olofsson wins face-off versus Evan Rodrigues in ARIZONA Coyotes zone.
14:45 of 2nd period - Brayden Point is hit by Ondrej Kase.
15:03 of 2nd period - Shot by Ondrej Kase.
15:03 of 2nd period - Deflect By Evan Rodrigues.
15:03 of 2nd period - Stopped by Jaroslav Halak with a rebound.
15:06 of 2nd period - Icing by Brayden Point.
15:07 of 2nd period - Andrew Mangiapane wins face-off versus Brayden Point in ARIZONA Coyotes zone.
15:42 of 2nd period - Shot by Nazem Kadri.
15:42 of 2nd period - Shot Misses the Net.
15:45 of 2nd period - Matthew Tkachuk is hit by David Savard and loses puck.
15:48 of 2nd period - Shot by Nazem Kadri.
15:48 of 2nd period - Shot Misses the Net.
17:03 of 2nd period - Off-side.
17:04 of 2nd period - Klim Kostin wins face-off versus Dakota Joshua in neutral zone.
17:38 of 2nd period - Shot by Carl Hagelin.
17:38 of 2nd period - Shot Hit the Post.
17:40 of 2nd period - Shot by Dillon Dube.
17:40 of 2nd period - Shot Misses the Net.
17:57 of 2nd period - Matthew Tkachuk is hit by Jordan Oesterle and loses puck.
18:05 of 2nd period - Minor Penalty to Dakota Joshua for Cross-checking.
18:06 of 2nd period - Jean-Gabriel Pageau wins face-off versus Matthew Tkachuk in ANAHEIM Ducks zone.
18:16 of 2nd period - Off-side.
18:17 of 2nd period - Nazem Kadri wins face-off versus Jean-Gabriel Pageau in neutral zone.
18:42 of 2nd period - Shot by Sean Durzi.
18:42 of 2nd period - Stopped by Robin Lehner without a rebound.
18:43 of 2nd period - Brayden Point wins face-off versus Jean-Gabriel Pageau in ANAHEIM Ducks zone.
Goals for this period are 1 for ANAHEIM Ducks vs 1 for ARIZONA Coyotes .
Shots for this period are 5 for ANAHEIM Ducks vs 9 for ARIZONA Coyotes .

3rd period


0:01 of 3rd period - Brayden Point wins face-off versus Jean-Gabriel Pageau in neutral zone.
0:09 of 3rd period - Shot by Brock Nelson.
0:09 of 3rd period - Stopped by Robin Lehner with a rebound.
0:23 of 3rd period - Shot by Ondrej Kase.
0:23 of 3rd period - Shot Misses the Net.
0:25 of 3rd period - Shot by Alexis Lafreniere.
0:25 of 3rd period - Shot Blocked by Sean Durzi.
0:47 of 3rd period - Shot by Brock Nelson.
0:47 of 3rd period - Stopped by Robin Lehner without a rebound.
0:48 of 3rd period - Nazem Kadri wins face-off versus Anthony Beauvillier in ANAHEIM Ducks zone.
1:11 of 3rd period - Shot by Matthew Tkachuk.
1:11 of 3rd period - Stopped by Robin Lehner with a rebound.
1:13 of 3rd period - Shot by Matthew Tkachuk.
1:13 of 3rd period - Stopped by Robin Lehner without a rebound.
1:14 of 3rd period - Victor Olofsson wins face-off versus Jean-Gabriel Pageau in ANAHEIM Ducks zone.
1:16 of 3rd period - Brayden Point is hit by Jordan Oesterle and loses puck.
1:35 of 3rd period - Minor Penalty to Jordan Oesterle for Tripping.
1:36 of 3rd period - Nazem Kadri wins face-off versus Jean-Gabriel Pageau in ANAHEIM Ducks zone.
1:37 of 3rd period - Shot by Dougie Hamilton.
1:37 of 3rd period - Shot Blocked by Gustav Forsling.
1:49 of 3rd period - Shot by Nazem Kadri.
1:49 of 3rd period - Shot Hit the Post.
2:03 of 3rd period - Shot by Madison Bowey.
2:03 of 3rd period - Shot Blocked by Daniel Sprong.
2:39 of 3rd period - Brayden Point is hit by Jake Evans and loses puck.
3:16 of 3rd period - Shot by Sean Durzi.
3:16 of 3rd period - Deflect By Matt Boldy.
3:16 of 3rd period - Stopped by Robin Lehner without a rebound.
3:17 of 3rd period - Jean-Gabriel Pageau wins face-off versus Brayden Point in ANAHEIM Ducks zone.
4:48 of 3rd period - Shot by Carl Hagelin.
4:48 of 3rd period - Stopped by Robin Lehner with a rebound.
4:50 of 3rd period - Shot by Klim Kostin.
4:50 of 3rd period - Goal by Klim Kostin - ANAHEIM Ducks : 1 - ARIZONA Coyotes : 3.
4:51 of 3rd period - Nazem Kadri wins face-off versus Dakota Joshua in neutral zone.
5:09 of 3rd period - Matthew Tkachuk is hit by David Savard and loses puck.
5:13 of 3rd period - Nazem Kadri is hit by David Savard and loses puck.
5:42 of 3rd period - Icing by David Savard.
5:43 of 3rd period - Dakota Joshua wins face-off versus Brayden Point in ANAHEIM Ducks zone.
6:17 of 3rd period - Icing by Brayden Point.
6:18 of 3rd period - Evan Rodrigues wins face-off versus Victor Olofsson in ARIZONA Coyotes zone.
6:29 of 3rd period - Shot by Matt Boldy.
6:29 of 3rd period - Shot Misses the Net.
6:39 of 3rd period - Shot by Alexis Lafreniere.
6:39 of 3rd period - Shot Misses the Net.
6:41 of 3rd period - Shot by Alexis Lafreniere.
6:41 of 3rd period - Shot Misses the Net.
6:55 of 3rd period - Shot by Evan Rodrigues.
6:55 of 3rd period - Stopped by Jaroslav Halak with a rebound.
8:04 of 3rd period - Icing by Dougie Hamilton.
8:05 of 3rd period - Nazem Kadri wins face-off versus Jean-Gabriel Pageau in ARIZONA Coyotes zone.
8:24 of 3rd period - Timo Meier is hit by David Savard.
8:44 of 3rd period - Shot by Sonny Milano.
8:44 of 3rd period - Deflect By Brock Nelson.
8:44 of 3rd period - Shot Misses the Net.
8:50 of 3rd period - Shot by Sonny Milano.
8:50 of 3rd period - Shot Misses the Net.
9:02 of 3rd period - Shot by Sonny Milano.
9:02 of 3rd period - Shot Blocked by Daniel Sprong.
9:23 of 3rd period - Icing by Vince Dunn.
9:24 of 3rd period - Brayden Point wins face-off versus Evan Rodrigues in ARIZONA Coyotes zone.
9:39 of 3rd period - Shot by Matt Boldy.
9:39 of 3rd period - Shot Misses the Net.
9:41 of 3rd period - Shot by Victor Olofsson.
9:41 of 3rd period - Stopped by Robin Lehner without a rebound.
9:42 of 3rd period - Anthony Beauvillier wins face-off versus Carl Hagelin in ANAHEIM Ducks zone.
9:42 of 3rd period - Anthony Beauvillier is hit by Klim Kostin.
9:55 of 3rd period - Shot by Dillon Dube.
9:55 of 3rd period - Shot Misses the Net.
10:47 of 3rd period - Shot by Matthew Tkachuk.
10:47 of 3rd period - Stopped by Robin Lehner without a rebound.
10:48 of 3rd period - Brayden Point wins face-off versus Evan Rodrigues in ANAHEIM Ducks zone.
11:02 of 3rd period - Brayden Point is hit by Justin Holl and loses puck.
11:19 of 3rd period - Shot by Victor Olofsson.
11:19 of 3rd period - Shot Misses the Net.
11:24 of 3rd period - Icing by Evan Rodrigues.
11:25 of 3rd period - Evan Rodrigues wins face-off versus Nazem Kadri in ANAHEIM Ducks zone.
11:31 of 3rd period - Icing by Justin Holl.
11:32 of 3rd period - Evan Rodrigues wins face-off versus Nazem Kadri in ANAHEIM Ducks zone.
11:32 of 3rd period - Ondrej Kase is hit by Matthew Tkachuk and loses puck.
12:01 of 3rd period - Shot by Matthew Tkachuk.
12:01 of 3rd period - Shot Misses the Net.
12:03 of 3rd period - Shot by Matthew Tkachuk.
12:03 of 3rd period - Shot Blocked by Gustav Forsling.
12:05 of 3rd period - Shot by Matthew Tkachuk.
12:05 of 3rd period - Shot Misses the Net.
12:07 of 3rd period - Shot by Dougie Hamilton.
12:07 of 3rd period - Shot Blocked by Justin Holl.
12:09 of 3rd period - Shot by Timo Meier.
12:09 of 3rd period - Shot Misses the Net.
12:20 of 3rd period - Off-side.
12:21 of 3rd period - Brayden Point wins face-off versus Jean-Gabriel Pageau in neutral zone.
12:46 of 3rd period - Shot by Jean-Gabriel Pageau.
12:46 of 3rd period - Shot Misses the Net.
12:54 of 3rd period - Lars Eller is hit by Victor Olofsson and loses puck.
13:51 of 3rd period - Shot by Andrew Mangiapane.
13:51 of 3rd period - Stopped by Jaroslav Halak with a rebound.
14:34 of 3rd period - Timo Meier is hit by Gustav Forsling and loses puck.
14:43 of 3rd period - Shot by Calvin Thurkauf.
14:43 of 3rd period - Stopped by Jaroslav Halak without a rebound.
14:44 of 3rd period - Evan Rodrigues wins face-off versus Brayden Point in ARIZONA Coyotes zone.
14:46 of 3rd period - Minor Penalty to Alexis Lafreniere for Roughing.
14:47 of 3rd period - Brayden Point wins face-off versus Jean-Gabriel Pageau in ANAHEIM Ducks zone.
14:48 of 3rd period - Shot by Vince Dunn.
14:48 of 3rd period - Stopped by Robin Lehner without a rebound.
14:49 of 3rd period - Brayden Point wins face-off versus Jean-Gabriel Pageau in ANAHEIM Ducks zone.
14:50 of 3rd period - Shot by Vince Dunn.
14:50 of 3rd period - Shot Misses the Net.
15:06 of 3rd period - Shot by Sean Durzi.
15:06 of 3rd period - Shot Misses the Net.
15:14 of 3rd period - Shot by Matthew Tkachuk.
15:14 of 3rd period - Shot Misses the Net.
15:16 of 3rd period - Shot by Vince Dunn.
15:16 of 3rd period - Shot Blocked by David Savard.
15:24 of 3rd period - Shot by Matt Boldy.
15:24 of 3rd period - Deflect By Matthew Tkachuk.
15:24 of 3rd period - Stopped by Robin Lehner without a rebound.
15:25 of 3rd period - Jake Evans wins face-off versus Nazem Kadri in ANAHEIM Ducks zone.
15:25 of 3rd period - Jake Evans is hit by Timo Meier.
16:05 of 3rd period - Shot by Dougie Hamilton.
16:05 of 3rd period - Shot Blocked by Justin Holl.
16:46 of 3rd period - Shot by Brayden Point.
16:46 of 3rd period - Goal by Brayden Point - ANAHEIM Ducks : 1 - ARIZONA Coyotes : 4.
16:47 of 3rd period - Brock Nelson wins face-off versus Evan Rodrigues in neutral zone.
16:47 of 3rd period - Tucker Poolman is hit by Alexis Lafreniere and loses puck.
17:06 of 3rd period - Shot by Evan Rodrigues.
17:06 of 3rd period - Shot Blocked by Justin Abdelkader.
17:08 of 3rd period - Shot by Ondrej Kase.
17:08 of 3rd period - Deflect By Alexis Lafreniere.
17:08 of 3rd period - Stopped by Jaroslav Halak without a rebound.
17:09 of 3rd period - Anthony Beauvillier wins face-off versus Klim Kostin in ARIZONA Coyotes zone.
17:15 of 3rd period - Dougie Hamilton is hit by Jordan Oesterle and loses puck.
17:52 of 3rd period - Off-side.
17:53 of 3rd period - Evan Rodrigues wins face-off versus Nazem Kadri in neutral zone.
17:53 of 3rd period - Evan Rodrigues is hit by Timo Meier.
18:10 of 3rd period - Evan Rodrigues is hit by Tucker Poolman and loses puck.
18:48 of 3rd period - Ondrej Kase is hit by Matt Boldy and loses puck.
18:54 of 3rd period - Off-side.
18:55 of 3rd period - Brock Nelson wins face-off versus Jean-Gabriel Pageau in neutral zone.
19:13 of 3rd period - Sonny Milano is hit by Justin Holl and loses puck.
19:55 of 3rd period - Shot by Matt Boldy.
19:55 of 3rd period - Shot Misses the Net.
Goals for this period are 0 for ANAHEIM Ducks vs 2 for ARIZONA Coyotes .
Shots for this period are 4 for ANAHEIM Ducks vs 12 for ARIZONA Coyotes .